 Dungeon Crawl Stone Soup version 0.26-a0-597-gb535b0901c (webtiles) character file.

Game seed: 8487204774571164466

(classic levelgen) 158 EnegeticOcto the Covered (level 5, -3/49 HPs)
             Began as a Deep Dwarf Fighter on Aug 26, 2020.
             Was an Initiate of Makhleb.
             Killed by nerve-wracking pain
             ... invoked by Menkaure
              (12 damage)
             ... on level 5 of the Dungeon.
             The game lasted 00:00:45 (1164 turns).

EnegeticOcto the Covered (Deep Dwarf Fighter)       Turns: 1164, Time: 00:00:46

Health: -3/49      AC:  7    Str: 21    XL:     5   Next: 16%
Magic:  4/4        EV:  7    Int:  8    God:    Makhleb [......]
Gold:   82         SH:  9    Dex: 12    Spells: 4/4 levels left

rFire    . . .     SeeInvis .   a - +0 war axe
rCold    . . .     Faith    .   c - +0 kite shield
rNeg     . . .     Spirit   .   b - +0 scale mail
rPois    .         Reflect  .   (no helmet)
rElec    .         Harm     .   (no cloak)
rCorr    .                      (no gloves)
MR       .....                  (no boots)
Stlth    ..........             (no amulet)
HPRegen  0.00/turn              (no ring)
MPRegen  0.09/turn              (no ring)

@: non-regenerating
A: damage resistance, heal wounds, sense surroundings 1, no regeneration
a: Heal Wounds, Renounce Religion


You were on level 5 of the Dungeon.
You worshipped Makhleb.
Makhleb was noncommittal.
You visited 2 branches of the dungeon, and saw 6 of its levels.

You collected 82 gold pieces.

Inventory:

Hand Weapons
 a - a +0 war axe (weapon)
Armour
 b - a +0 scale mail (worn)
 c - a +0 kite shield (worn)
Jewellery
 m - a cursed -4 ring of protection {unknown}
Scrolls
 e - a scroll of enchant weapon {unknown}
 g - a scroll of fear {unknown}
 i - a scroll of random uselessness {unknown}
 j - 3 scrolls of teleportation {unknown}
 k - a scroll of identify {unknown}
 l - 3 scrolls of remove curse {unknown}
 o - a scroll of amnesia {unknown}
Potions
 d - 2 potions of might {@q3}
 f - a potion of invisibility {unknown}
 h - 3 potions of lignification {unknown}
 n - a potion of curing {unknown}


   Skills:
 + Level 3.3 Fighting
 * Level 4.1 Axes
 + Level 4.1 Armour
 + Level 4.1 Shields
 + Level 0.0 Invocations


You had 4 spell levels left.
You didn't know any spells.
Your spell library was empty.

Dungeon Overview and Level Annotations

Branches:
Dungeon (5/15)             Temple (1/1) D:4

Altars:
Dithmenos
Gozag
Hepliaklqana
Kikubaaqudgha
Makhleb
Nemelex Xobeh
Okawaru
Qazlal
Ru
Sif Muna
Uskayaw
Vehumet
Wu Jian
Xom
Yredelemnul
Zin
The Shining One

Annotations:
D:5 Menkaure


Innate Abilities, Weirdness & Mutations

You are resistant to damage.
You can heal yourself by infusing magical energy.
You passively map a small area around you.
You do not regenerate.


Message History

There is an ornate altar of the Wu Jian Council here.
Found a glowing silver altar of Zin.
Found a basalt altar of Yredelemnul.
Found a glowing golden altar of the Shining One.
Found a stormy altar of Qazlal.
Found a shimmering blue altar of Sif Muna.
Found an iron altar of Okawaru.
Found a radiant altar of Vehumet.
Found a burning altar of Makhleb.
Done exploring.
Done exploring.
Search for what [? for help]? mak
There is a burning altar of Makhleb here.
You kneel at the altar of Makhleb.
Makhleb welcomes you!
There is a staircase back to the Dungeon here.
You climb upwards.
Welcome back to the Dungeon!
There is a staircase to the Ecumenical Temple here.
Partly explored, can't reach some items and places.
Partly explored, can't reach some items and places.
Partly explored, can't reach some items and places.
Partly explored, can't reach some items and places.
(D) Dungeon (T) Temple
Where to? (Enter - Temple @ (x,y), ? - help)
There is a stone staircase leading down here.
You climb downwards.
There is a stone staircase leading up here.
Menkaure, Prince of Dust comes into view.
Menkaure shouts!
Menkaure is nearby!
Menkaure hits you!
You barely miss Menkaure.
Menkaure calls on the powers of darkness!
Your body is wracked with pain!
You are too injured to fight recklessly!
You are too injured to fight recklessly!
You are too injured to fight recklessly!
You are too injured to fight recklessly!
You are too injured to fight recklessly!
You are too injured to fight recklessly!
You are too injured to fight recklessly!
You are too injured to fight recklessly!
You are too injured to fight recklessly!
You are too injured to fight recklessly!
You are too injured to fight recklessly!
You are too injured to fight recklessly!
You are too injured to fight recklessly!
You are too injured to fight recklessly!
You feel much better.
Menkaure casts a spell.
Menkaure seems to speed up.
You barely miss Menkaure. Menkaure barely misses you. Menkaure hits you.
You barely miss Menkaure. Menkaure hits you! Menkaure casts a spell at you.
Pain shoots through your body!
You are too injured to fight recklessly!
You are too injured to fight recklessly!
You are too injured to fight recklessly!
You are too injured to fight recklessly!
You are too injured to fight recklessly!
You are too injured to fight recklessly!
You are too injured to fight recklessly!
You are too injured to fight recklessly!
You are too injured to fight recklessly!
You are too injured to fight recklessly!
You are too injured to fight recklessly!
You are too injured to fight recklessly!
You are too injured to fight recklessly!
You feel much better. Menkaure barely misses you.
You feel much better. You block Menkaure's attack.
You hit Menkaure.
Menkaure is moderately damaged.
Menkaure calls on the powers of darkness!
Your body is wracked with pain!
Menkaure hits you!
You slash Menkaure!
Menkaure is severely damaged.
Menkaure points at you and mumbles some strange words.
Pain shoots through your body!
* * * LOW HITPOINT WARNING * * *
You are too injured to fight recklessly!
You are too injured to fight recklessly!
You are too injured to fight recklessly!
You are too injured to fight recklessly!
You are too injured to fight recklessly!
You are too injured to fight recklessly!
You are too injured to fight recklessly!
You are too injured to fight recklessly!
You are too injured to fight recklessly!
You are too injured to fight recklessly!
You are too injured to fight recklessly!
You are too injured to fight recklessly!
You are too injured to fight recklessly!
You are too injured to fight recklessly!
You are too injured to fight recklessly!
You are too injured to fight recklessly!
You are too injured to fight recklessly!
You fail to use your ability.
Menkaure gestures at you while chanting.
Pain shoots through your body!
You die...

, , , ....* * ,
#...# ##
.######+##...##.##
,
.................#
*
.................#
#...............#
#....M..........#
,, *
#...@.........# ⌠
#.⌠#...##......# *
,
........#......#,
** ,
...##.##.#......#
, .. #.. .#..<...#
, , , , .
+..,,.######## ,
,, #. .. , , , #.
,..,, ,, , , ,,
,,,


You could see Menkaure (fast).

Vanquished Creatures
  A scorpion (D:4)
  2 worker ants
  3 adders
  2 adder skeletons (D:4)
  A worm (D:2)
  A dart slug (D:2)
  2 leopard geckos
  A bat (D:1)
  A goblin (D:3)
  A hobgoblin (D:2)
  4 jackals (D:4)
  A quokka (D:4)
  2 frilled lizards (D:2)
  3 kobolds
  A rat (D:1)
26 creatures vanquished.

Notes
Turn   | Place    | Note
-------+----------+-------------------------------------------
     0 | D:1      | EnegeticOcto the Deep Dwarf Fighter began the quest for the
                  | Orb.
     0 | D:1      | Reached XP level 1. HP: 20/20 MP: 1/1
    88 | D:2      | Reached XP level 2. HP: 24/27 MP: 2/2
   273 | D:3      | Reached XP level 3. HP: 19/34 MP: 3/3
   380 | D:4      | Reached XP level 4. HP: 36/42 MP: 3/3
   433 | D:4      | Found a shadowy altar of Dithmenos.
   478 | D:4      | Reached XP level 5. HP: 42/49 MP: 4/4
   624 | D:4      | Found a staircase to the Ecumenical Temple.
   932 | Temple   | Entered the Ecumenical Temple
  1122 | Temple   | Became a worshipper of Makhleb the Destroyer
  1149 | D:5      | Entered Level 5 of the Dungeon
  1152 | D:5      | Noticed Menkaure
  1164 | D:5      | Killed from afar by Menkaure

Illustrated notes

Levels and vault maps discovered:
D:1:      dpeg_arrival_another_circle, layout_loops_ring, st_stairs_12,
          minmay_hexomino_f4
D:2:      cheibrodos_fertilizer, layout_basic, uniq_natasha
D:3:      layout_loops_ring, chequers_ecumenical_altar_island,
          minmay_quadrilaterals
D:4:      layout_basic, minmay_temple_entry_wispy, lemuel_tele_altar
D:5:      layout_gridville, evilmike_ruin_ashenzari,
          nicolae_ru_sacrificial_ziggurat, uniq_menkaure, uniq_sigmund
Temple:   eino_temple_scatter_basement

Skill      XL: |  1  2  3  4 |
---------------+-------------+-----
Fighting       | 3 |  3.3
Axes           | 3 4 |  4.1
Armour         | 4 |  4.1
Shields        | 4 |  4.1

Action                   |  1- 3 |  4- 6 || total
-------------------------+-------+-------++-------
Melee: War axe           |    87 |    35 ||   122
 Abil: Heal Wounds       |     1 |     3 ||     4
Armor: Scale mail        |    38 |    15 ||    53
Dodge: Dodged            |    31 |    13 ||    44
Block: Kite shield       |    48 |    13 ||    61

Table legend: (Time is in decaauts)
 A = Elapsed time spent in this place.
 B = Non-inter-level travel time spent in this place.
 C = Inter-level travel time spent in this place.
 D = Time resting spent in this place.
 E = Time spent auto-exploring this place.
 F = Levels seen in this place.
 G = Mean time per level.
                   A        B        C        D        E       F      G
               +--------+--------+--------+--------+--------+-----+--------+
         Total |   1214 |   1114 |    100 |      0 |    870 |   6 |  202.3 |
       Dungeon |   1010 |    945 |     65 |      0 |    703 |   5 |  202.0 |
        Temple |    203 |    169 |     34 |      0 |    167 |   1 |  203.0 |
               +--------+--------+--------+--------+--------+-----+--------+

Top non-repeatable levels by time:
     D:4: 684 daAuts
  Temple: 203 daAuts
     D:2: 194 daAuts
     D:1: 82 daAuts
     D:3: 32 daAuts
     D:5: 16 daAuts
